 Dungeon Crawl Stone Soup version 0.18.1-8-gdd0e5ea (webtiles) character file.

28 Gargoyl the Skirmisher (level 2, -3/24 HPs)
             Began as a Demonspawn Abyssal Knight on June 1, 2016.
             Was a Follower of Lugonu.
             Slain by a gnoll (5 damage)
             ... on level 2 of the Dungeon.
             The game lasted 00:01:23 (247 turns).

Gargoyl the Skirmisher (Demonspawn Abyssal Knight)   Turns: 247, Time: 00:01:24

Health: -3/24      AC:  9    Str: 12    XL:     2   Next: 96%
Magic:  4/4        EV:  5    Int: 16    God:    Lugonu [*.....]
Gold:   11         SH:  0    Dex: 12    Spells: 0 memorised, 1 level left

rFire  . . .     SeeInvis .     f - +1 scimitar of Gargoyl's Death {freeze, rPois MR- Int+3} (curse)
rCold  . . .     Gourm    .     e - +0 chain mail
rNeg   . . .     Faith    .     (no shield)
rPois  +         Spirit   .     (no helmet)
rElec  .         Dismiss  .     (no cloak)
rCorr  .         Reflect  .     d - +0 pair of gloves
SustAt .         Harm     .     (no boots)
MR     .....                    (no amulet)
Stlth  ..........               (no ring)
                                (no ring)

@: not resistant to hostile enchantments, extremely unstealthy
A: demonic guardian 1
a: Depart the Abyss, Renounce Religion


You were on level 2 of the Dungeon.
You worshipped Lugonu.
Lugonu was aware of your devotion.
You were not hungry.

You visited 1 branch of the dungeon, and saw 2 of its levels.
You visited the Abyss 1 time.

You collected 11 gold pieces.

Inventory:

Hand Weapons
 a - a +1 hand axe
 f - the cursed +1 scimitar of Gargoyl's Death (weapon) {freeze, rPois MR- Int+3}
   (You found it on level 2 of the Abyss)

   It has been specially enchanted to freeze those struck by it, causing extra
   injury to most foes and up to half again as much damage against particularly
   susceptible opponents.
   It can also slow down cold-blooded creatures.
   It affects your intelligence (+3).
   It protects you from poison.
   It affects your resistance to hostile enchantments.
   It has a curse placed upon it.
Armour
 d - a +0 pair of gloves (worn)
 e - a +0 chain mail (worn)
Comestibles
 b - 2 meat rations
 c - a bread ration


   Skills:
 + Level 3.4 Fighting
 + Level 0.1 Long Blades
 + Level 2.0 Axes
 * Level 2.2 Armour
 + Level 1.1 Dodging
 + Level 2.7 Invocations


You had one spell level left.
You didn't know any spells.

Dungeon Overview and Level Annotations

Branches:
Dungeon (1/15)

Altars:


Innate Abilities, Weirdness & Mutations

A weak demonic guardian rushes to your aid.


Message History

The gnoll hits you but does no damage. x2
The kobold hits you but does no damage.
Unknown command.
Your chain mail prevents you from hitting the gnoll.
The gnoll is moderately wounded.
The gnoll hits you. The kobold hits you. The gnoll completely misses you.
The gnoll hits you.
* * * LOW HITPOINT WARNING * * *
Unknown command.
You hit the gnoll. You freeze the gnoll.
The gnoll is heavily wounded.
The kobold barely misses you.
The gnoll hits you but does no damage. x2
The gnoll hits you.
* * * LOW HITPOINT WARNING * * *
The kobold hits you but does no damage.
Unknown command.
You aren't carrying any potions.
Your quasit disappears in a puff of smoke!
You closely miss the gnoll. The gnoll hits you.
You die...

# ### # #.##.# .#
...#######..#
#..........#
#...........
#g..........
#######g#####+#s##
....<..Kg@.#
###....5...#
#........#
#.....#### #.....#
#[....# ....####
..... .....


You could see 2 gnolls, a kobold and a friendly crimson imp.

Vanquished Creatures
  A gnoll (D:2)
  An adder (D:2)
  2 dart slugs
  A bat (D:1)
  A goblin (D:1)
  A hobgoblin (D:1)
  A giant newt (D:1)
  A rat (D:2)
9 creatures vanquished.

Notes
Turn   | Place    | Note
--------------------------------------------------------------
     0 | Abyss:1  | Gargoyl the Demonspawn Abyssal Knight began the quest for the Orb.
     0 | Abyss:1  | Reached XP level 1. HP: 18/18 MP: 2/2
    18 | Abyss:1  | Found a corrupted altar of Lugonu.
   132 | Abyss:2  | Got a bloodstained scimitar
   136 | Abyss:2  | Noticed a large abomination
   136 | D:1      | Escaped the Abyss
   147 | D:1      | Identified the cursed +1 scimitar of Gargoyl's Death {freeze, rPois MR- Int+3} (You found it on level 2 of the Abyss)
   209 | D:1      | Reached skill level 1 in Dodging
   221 | D:1      | You fall through a shaft!
   235 | D:2      | Reached * piety under Lugonu
   235 | D:2      | Gained mutation: A weak demonic guardian rushes to your aid. [demonic ancestry]
   235 | D:2      | Reached XP level 2. HP: 11/24 MP: 4/4
   247 | D:2      | Slain by a gnoll

Skill      XL: |  1  2 |
---------------+-------+-----
Armour         | 2 |  2.2
Dodging        | 1 |  1.1
Axes           | 2 |  2.0
Fighting       | |  3.4
Long Blades    | |  0.1
Invocations    | |  2.7

Action                   || total
-------------------------++-------
Melee: Scimitar          ||    29
Invok: Depart the Abyss  ||     1
  Use: Scroll            ||     1
Armor: Chain mail        ||    44
Dodge: Dodged            ||    18
